 Dungeon Crawl Stone Soup version 0.28.0-53-g5a82cb258f (webtiles) character file.

Game seed: 18210246063777634564

333 issech the Skirmisher (level 6, -6/53 HPs)
             Began as a Minotaur Monk on June 19, 2022.
             Killed by nerve-wracking pain
             ... invoked by an orc priest
              (9 damage)
             ... on level 3 of the Dungeon.
             The game lasted 00:05:40 (2306 turns).

issech the Skirmisher (Minotaur Monk)               Turns: 2306, Time: 00:05:41

Health: -6/53      AC: 18    Str: 15    XL:     6   Next: 27%
Magic:  5/5        EV:  6    Int:  7    God:
Gold:   117        SH:  0    Dex: 21    Spells: 5/5 levels left

rFire   . . .      SeeInvis .   s - +2 falchion (protect)
rCold   . . .      Faith    .   (no shield)
rNeg    . . .      Spirit   .   k - +0 plate armour
rPois   .          Reflect  .   (helmet restricted)
rElec   .          Harm     .   (no cloak)
rCorr   .          Rampage  .   (no gloves)
Will    .....                   (no boots)
Stlth   ..........              (no amulet)
HPRegen 0.17/turn               l - +6 ring of dexterity
MPRegen 0.09/turn               (no ring)

@: under a protective aura
A: horns 2, retaliatory headbutt
a: no special abilities


You were on level 3 of the Dungeon.
You visited 1 branch of the dungeon, and saw 4 of its levels.

You collected 117 gold pieces.

Inventory:

Hand Weapons
 a - a +0 hand axe
 g - a +2 short sword of draining
 q - a +1 vorpal hand axe
 s - a +2 falchion of protection (weapon)
Missiles
 h - 54 stones (quivered)
 p - 44 bolts
Armour
 k - a +0 plate armour (worn)
Magical Staves
 m - a staff of death
Jewellery
 l - a +6 ring of dexterity (left hand)
 n - an amulet of reflection
Scrolls
 b - 2 scrolls of amnesia {unknown}
 c - a scroll of teleportation {unknown}
 d - 2 scrolls of enchant armour {unknown}
 e - 2 scrolls of magic mapping {unknown}
 i - 3 scrolls of identify {unknown}
 j - 2 scrolls of vulnerability {unknown}
 o - a scroll of blinking {unknown}
 r - a scroll of immolation {unknown}
 t - a scroll of torment {unknown}
Potions
 f - a potion of might {unknown}
 u - a potion of flight {unknown}


   Skills:
 + Level 4.6 Fighting
 + Level 3.4(3.9) Short Blades
 + Level 3.0(3.9) Long Blades
 + Level 4.3 Axes
 + Level 2.6 Armour
 + Level 4.0 Dodging
 + Level 1.7 Stealth


You had 5 spell levels left.
You didn't know any spells.
Your spell library contained the following spells:

 Spells                   Type           Power      Damage    Failure   Level
 Apportation              Tloc           0%         N/A       100%        1
 Magic Dart               Conj           0%         1d3       100%        1
 Call Imp                 Summ           0%         N/A       100%        2
 Ensorcelled Hibernation  Hex/Ice        0%         N/A       100%        2
 Mephitic Cloud           Conj/Pois/Air  0%         N/A       100%        3
 Spider Form              Tmut/Pois      0%         N/A       100%        3
 Anguish                  Hex/Necr       0%         N/A       100%        4
 Alistair's Intoxication  Tmut/Pois      0%         N/A       100%        5


Dungeon Overview and Level Annotations

Branches:
Dungeon (4/15)
 Temple: D:4-7

Altars:
Makhleb
Beogh


Innate Abilities, Weirdness & Mutations

You have a pair of horns on your head.
You reflexively headbutt those who attack you in melee.


Message History

The orc hits you but does no damage.
The orc priest hits you but does no damage.
The orc hits you but does no damage.
You hit the orc priest.
The orc priest is almost dead.
The orc hits you but does no damage.
The orc priest invokes the aid of Beogh against you.
Pain shoots through your body! The orc hits you but does no damage.
You hit the orc priest.
You kill the orc priest!
The orc barely misses you. x2; The orc hits you with a +0 short sword.
Your Long Blades skill increases to level 3!
You closely miss the orc. You headbutt the orc.
The orc is severely wounded.
The orc hits you but does no damage. The orc barely misses you.
You furiously retaliate!
You headbutt the orc, but do no damage. You closely miss the orc.
Your headbutt misses the orc.
The orc is severely wounded.
The orc hits you but does no damage.
The orc priest begins to cast a cantrip, but forgets the words!
The orc hits you but does no damage.
You hit the orc. Your headbutt misses the orc. Your punch misses the orc.
The orc is almost dead.
The orc hits you with a +0 club. The orc hits you but does no damage.
You hit the orc.
You kill the orc!
The orc hits you but does no damage.
You hit the orc priest.
You headbutt the orc priest, but do no damage.
The orc priest is lightly wounded.
The orc priest closely misses you. The orc hits you but does no damage.
You barely miss the orc priest.
The orc priest is lightly wounded.
The orc priest invokes the aid of Beogh against you.
Beogh smites you!
* * * LOW HITPOINT WARNING * * *
The orc barely misses you. You furiously retaliate!
You headbutt the orc.
The orc priest calls down the wrath of Beogh upon you.
Pain shoots through your body!
You die...

#..........#
#####...###....#
##._$##..##
....#
#.8.8.#...# ...
#$.$.$#...# ##
#.8.8$#...#
#.).##...#
###o##....#
#.)@o.....#
#.........##
#..........#
#......#...#
#......#...#
#......#...#
########...#
#####


You could see an orc priest and an orc.

Vanquished Creatures
  A bullfrog (D:4)
  2 hounds (D:4)
  2 orc priests (D:3)
  2 orc wizards
  Natasha (D:2)
  2 adders (D:2)
  A dart slug (D:2)
  7 orcs
  3 ball pythons
  4 bats
  An endoplasm (D:2)
  5 giant cockroaches
  4 hobgoblins
  6 jackals
  5 quokkas
  A goblin (D:3)
  5 kobolds
  3 rats
55 creatures vanquished.

Notes
Turn   | Place    | Note
-------+----------+-------------------------------------------
     0 | D:1      | issech the Minotaur Monk began the quest for the Orb.
     0 | D:1      | Reached XP level 1. HP: 19/19 MP: 0/0
   572 | D:1      | Reached XP level 2. HP: 27/27 MP: 1/1
  1283 | D:2      | Found a faded altar of an unknown god.
  1400 | D:2      | Reached XP level 3. HP: 33/33 MP: 2/2
  1548 | D:2      | Noticed Natasha
  1554 | D:2      | Reached skill level 1 in Short Blades
  1564 | D:2      | Killed Natasha
  1565 | D:2      | Reached XP level 4. HP: 21/40 MP: 3/3
  1743 | D:2      | You fall into a shaft and drop 2 floors!
  1763 | D:4      | Reached skill level 1 in Armour
  1888 | D:4      | Noticed a bullfrog
  1901 | D:4      | Reached XP level 5. HP: 44/47 MP: 4/4
  1911 | D:4      | Reached skill level 1 in Long Blades
  1930 | D:4      | Found a burning altar of Makhleb.
  2045 | D:3      | Reached XP level 6. HP: 20/53 MP: 5/5
  2306 | D:3      | Killed from afar by an orc priest

Illustrated notes

Levels and vault maps discovered:
D:1:      minmay_arrival_split_and_join, layout_basic
D:2:      layout_loops_ring, shapermc_ecumenical_altar_pompeii, minmay_cupped,
          uniq_natasha
D:3:      layout_basic, kennysheep_orc_chapel
D:4:      layout_basic, mainiacjoe_overflow_cross_hatched, lemuel_tele_altar,
          minmay_temple_entry_fiery, feat_on_display, uniq_edmund

Skill      XL: |  1  2  3  4  5  6 |
---------------+-------------------+-----
Fighting       | 4 |  4.6
Axes           | 4 |  4.3
Short Blades   | 1 2 3 |  3.4
Dodging        | 4 |  4.0
Armour         | 2 |  2.6
Long Blades    | 2 3 |  3.0
Stealth        | |  1.7

Action                   |  1- 3 |  4- 6 || total
-------------------------+-------+-------++-------
Melee: Hand axe          |    10 |       ||    10
       Short sword       |    64 |     8 ||    72
       Headbutt          |    16 |     8 ||    24
       Punch             |     2 |     1 ||     3
       Falchion          |       |    53 ||    53
 Stab: Sleeping          |     1 |       ||     1
Armor: Plate armour      |    40 |    57 ||    97
Dodge: Dodged            |    23 |    25 ||    48
